 Dungeon Crawl Stone Soup version 0.29-a0-275-g389c0b56f3 (webtiles) character file.

Game seed: 15353693777918759393

25 davidthevgamer991 the Skirmisher (level 2, -1/27 HPs)
             Began as a Minotaur Berserker on Mar 9, 2022.
             Was a Follower of Trog.
             Slain by a gnoll
             ... wielding a +0 flail
              (9 damage)
             ... on level 1 of the Dungeon.
             The game lasted 00:03:03 (476 turns).

davidthevgamer991 the Skirmisher (MiBe)              Turns: 476, Time: 00:03:04

Health: -1/27      AC:  3    Str: 21    XL:     2   Next: 82%
Magic:  1/1        EV: 12    Int:  4    God:    Trog [*.....]
Gold:   11         SH:  0    Dex:  9    Spells: 1/1 levels left

rFire   . . .      SeeInvis .   g - +3 short sword
rCold   . . .      Faith    .   (no shield)
rNeg    . . .      Spirit   .   d - +0 leather armour
rPois   .          Reflect  .   (helmet restricted)
rElec   .          Harm     .   (no cloak)
rCorr   .          Rampage  .   (no gloves)
Will    .....                   (no boots)
Stlth   +.........              (no amulet)
HPRegen 0.09/turn               (no ring)
MPRegen 0.07/turn               (no ring)

@: very slow
A: horns 2, retaliatory headbutt
a: Renounce Religion, Berserk


You were on level 1 of the Dungeon.
You worshipped Trog.
Trog was aware of your devotion.
You visited 1 branch of the dungeon, and saw 1 of its levels.

You collected 11 gold pieces.

Inventory:

Hand Weapons
 a - a +0 hand axe
 g - a +3 short sword (weapon)
Armour
 b - a +0 animal skin
 d - a +0 leather armour (worn)
Scrolls
 c - a scroll of enchant armour {unknown}
Potions
 e - a potion of curing {unknown}
 f - a potion of might {unknown}


   Skills:
 + Level 4.1 Fighting
 + Level 4.1 Axes
 + Level 2.6 Armour
 + Level 2.6 Dodging


You had one spell level left.
You didn't know any spells.
Your spell library was empty.

Dungeon Overview and Level Annotations

Branches:
Dungeon (1/15)

Altars:


Innate Abilities, Weirdness & Mutations

You have a pair of horns on your head.
You reflexively headbutt those who attack you in melee.


Message History

You hear a splash.
The ball python bites you. The ball python constricts you.
You escape the ball python's grasp.
The ball python closely misses you. x2
There is a faded altar of an unknown god here.
You enter the shallow water.
Moving in this stuff is going to be slow.
The ball python attacks as you move away!
The ball python closely misses you. x3; The ball python bites you.
The ball python closely misses you. The ball python bites you.
The ball python barely misses you. The ball python bites you.
The ball python grabs you. The ball python constricts you.
The ball python bites you. The ball python constricts you.
You escape the ball python's grasp.
The ball python attacks as you move away!
The ball python barely misses you. x2
The ball python bites you but does no damage.
The ball python grabs you. The ball python constricts you.
The ball python's grasp on you weakens, but your attempt to escape fails.
The ball python bites you. The ball python constricts you.
Your unstable footing causes you to fumble your attack.
The ball python barely misses you. You furiously retaliate!
You headbutt the ball python!
You kill the ball python!
Trog accepts your kill. The goblin hits you but does no damage.
You see here a ball python corpse.
Your unstable footing causes you to fumble your attack.
The goblin splashes around in the water.
The gnoll barely misses you. The goblin hits you but does no damage.
Your unstable footing causes you to fumble your attack.
The gnoll hits you with a +0 flail.
* * * LOW HITPOINT WARNING * * *
The goblin splashes around in the water.
You puncture the goblin!
You kill the goblin!
Trog accepts your kill.
You hear a splash.
The gnoll hits you with a +0 flail!
You die...

#....#.# ###'####.#
###....###.##....
#...≈≈≈..≈.≈≈....
#†≈..≈≈≈≈≈.≈≈....
#.≈≈≈≈≈≈≈≈≈≈≈....
##.≈≈≈≈≈≈≈≈≈≈.....
#...≈≈≈≈≈≈≈≈≈≈≈.#
#.≈.≈@≈.♣)≈≈≈≈..#
#...≈)g≈_.)≈≈.≈.#
#..≈≈≈≈≈♣≈≈≈≈≈≈.#
#.≈≈≈≈≈≈≈≈≈≈≈...#
#...≈≈≈≈≈≈≈≈≈...#
#..≈.≈≈≈≈≈≈≈≈≈≈....
#.#.....≈≈..≈≈≈≈###
#.#≈≈≈≈≈≈≈≈.....# #
#######.........


You could see a gnoll.

Vanquished Creatures
  A dart slug (D:1)
  2 bats (D:1)
  2 endoplasms (D:1)
  6 goblins (D:1)
  2 hobgoblins (D:1)
  A kobold (D:1)
  A quokka (D:1)
  2 ball pythons (D:1)
  3 frilled lizards (D:1)
  A rat (D:1)
21 creatures vanquished.

Notes
Turn   | Place    | Note
-------+----------+-------------------------------------------
     0 | D:1      | davidthevgamer991 the Minotaur Berserker began the quest
                  | for the Orb.
     0 | D:1      | Reached XP level 1. HP: 19/19 MP: 0/0
   111 | D:1      | Reached XP level 2. HP: 13/27 MP: 1/1
   428 | D:1      | Found a faded altar of an unknown god.
   476 | D:1      | Slain by a gnoll

Illustrated notes

Levels and vault maps discovered:
D:1:      dpeg_arrival_windows_large_door, layout_basic,
          chequers_ecumenical_altar_island

Skill      XL: |  1  2 |
---------------+-------+-----
Fighting       | 4 |  4.1
Axes           | 4 |  4.1
Armour         | |  2.6
Dodging        | |  2.6

Action                   || total
-------------------------++-------
Melee: Hand axe          ||    34
       Headbutt          ||     3
       Punch             ||     1
       Short sword       ||    10
Armor: Animal skin       ||     2
       Leather armour    ||    14
Dodge: Dodged            ||    39

Table legend: (Time is in decaauts)
 A = Elapsed time spent in this place.
 B = Non-inter-level travel time spent in this place.
 C = Inter-level travel time spent in this place.
 D = Time resting spent in this place.
 E = Time spent auto-exploring this place.
 F = Levels seen in this place.
 G = Mean time per level.
                   A        B        C        D        E       F      G
               +--------+--------+--------+--------+--------+-----+--------+
         Total |    488 |    488 |      0 |      0 |      0 |   1 |  488.0 |
       Dungeon |    488 |    488 |      0 |      0 |      0 |   1 |  488.0 |
               +--------+--------+--------+--------+--------+-----+--------+

Top non-repeatable levels by time:
     D:1: 488 daAuts
